 Dungeon Crawl Stone Soup version 0.27-a0-1378-gdefffd1ff6 (webtiles) character file.

Game seed: 934092641144720891

59 Lanoc the Sneak (level 3, -2/28 HPs)
             Began as a Demonspawn Brigand on June 29, 2021.
             Was a Follower of Ashenzari.
             Slain by a goblin (5 damage)
             ... led by Robin
             ... on level 2 of the Dungeon.
             The game lasted 00:03:04 (2378 turns).

Lanoc the Sneak (Demonspawn Brigand)                Turns: 2378, Time: 00:03:05

Health: -2/28      AC:  3    Str: 12    XL:     3   Next: 78%
Magic:  3/3        EV: 12    Int: 12    God:    Ashenzari [*.....]
Gold:   97         SH:  0    Dex: 14    Spells: 2/2 levels left

rFire    . . .     SeeInvis .   a - +2 dagger of Ashenzari's Scepticism {Melee, Elem} (curse)
rCold    . . .     Faith    .   (no shield)
rNeg     . . .     Spirit   .   b - +0 robe
rPois    .         Reflect  .   (helmet restricted)
rElec    .         Harm     .   c - +0 cloak "Distant Portent" {Evo, Elem} (curse)
rCorr    .         Rampage  .   (no gloves)
Will     .....                  (no boots)
Stlth    +++.......             (no amulet)
HPRegen  0.09/turn              (no ring)
MPRegen  0.16/turn              (no ring)

@: no status effects
A: horns 1, magic regeneration
a: Renounce Religion, Shatter the Chains


You were on level 2 of the Dungeon.
You worshipped Ashenzari.
Ashenzari was aware of your devotion.
You visited 1 branch of the dungeon, and saw 2 of its levels.

You collected 97 gold pieces.

Inventory:

Hand Weapons
 a - the cursed +2 dagger of Ashenzari's Scepticism (weapon) {Melee, Elem}

   It has a curse which improves the following skills: Melee Combat: Short
   Blades, Long Blades, Axes, Maces & Flails, Polearms, Staves and Unarmed
   Combat.
   Elements:  Fire Magic, Ice Magic, Air Magic and Earth Magic.
Missiles
 d - 8 poisoned darts (quivered)
 e - 2 curare-tipped darts
Armour
 b - a +0 robe (worn)
 c - the cursed +0 cloak "Distant Portent" (worn) {Evo, Elem}

   It has a curse which improves the following skills: Evocations: Evocations.
   Elements:  Fire Magic, Ice Magic, Air Magic and Earth Magic.
Scrolls
 h - a scroll of brand weapon
 i - a scroll of silence
 j - a scroll of amnesia
Potions
 g - 2 potions of lignification
 k - a potion of might


   Skills:
 + Level 2.6 Fighting
 - Level 1.7(2.5) Short Blades
 - Level 1.7 Throwing
 + Level 1.8 Dodging
 * Level 4.5 Stealth


You had 2 spell levels left.
You didn't know any spells.
Your spell library was empty.

Dungeon Overview and Level Annotations

Branches:
Dungeon (2/15)

Altars:
Ashenzari

Shops:
D:2 ?

Annotations:
D:2 Robin


Innate Abilities, Weirdness & Mutations

You have a pair of small horns on your head.
You regenerate magic rapidly.


Message History

You hear a shout! x2
You barely miss the goblin.
The goblin shouts!
Your headbutt misses the goblin.
You hear a shout!
You hit the goblin.
The goblin is moderately wounded.
The goblin hits you but does no damage. Robin throws the goblin at you!
You closely miss the goblin. You headbutt the goblin.
The goblin is heavily wounded.
The goblin hits you with a +0 club.
Robin roars a battlecry!
You hit the goblin.
You kill the goblin!
A goblin comes into view. It is wielding a +0 dagger.
Robin throws the goblin at you!
You barely miss Robin. Robin hits you with a +0 short sword.
The goblin completely misses you.
The goblin shouts!
You hit Robin. You headbutt Robin.
Robin is heavily wounded.
The goblin hits you with a +0 dagger.
Robin points. "Kill!"
Robin hits you with a +0 short sword.
You closely miss the goblin.
Robin roars a battlecry!
The goblins go into a battle-frenzy!
The goblin hits you with a +0 dagger.
The goblin shouts!
You hit the goblin.
The goblin is heavily wounded.
The goblin hits you with a +0 dagger.
* * * LOW HITPOINT WARNING * * *
The goblin hits you with a +0 dagger.
* * * LOW HITPOINT WARNING * * *
You feel better. The goblin hits you with a +0 dagger.
* * * LOW HITPOINT WARNING * * *
The goblin misses you. Robin misses you. The goblin hits you with a +0 dagger.
You die...

#.###....# #.### #.#...#.
#.#.....######..>## #...#.#.
.##.##............# #.#.#.#.
.##.##..########..########.#.###.
.)†.....# #g..........#.....
.##.##.##### #.g.......>.######
##...#.#...#####gg########..#.#.#
#......#........ggg.).# #..#.#.#
#...........#...@.###.# #..#.#.#
#.....###.#...##### #.# #.......
...>......##### #.# #.......
########### #.# ##.###.# #.# #.#
#.# #.# #.###.# #.# #.....# #.#
#.##### #.#####.#####


You could see Robin and 6 goblins.

Vanquished Creatures
  A dart slug (D:2)
  5 endoplasms
  10 goblins
  7 hobgoblins
  5 jackals
  6 kobolds (D:1)
  4 quokkas
  2 ball pythons
  2 bats (D:1)
  A frilled lizard (D:2)
  5 rats
48 creatures vanquished.

Notes
Turn   | Place    | Note
-------+----------+-------------------------------------------
     0 | D:1      | Lanoc the Demonspawn Brigand began the quest for the Orb.
     0 | D:1      | Reached XP level 1. HP: 16/16 MP: 1/1
    57 | D:1      | Reached skill level 1 in Dodging
   319 | D:1      | Gained mutation: You have a pair of small horns on your
                  | head. [demonic ancestry]
   319 | D:1      | Reached XP level 2. HP: 14/22 MP: 2/2
   506 | D:1      | Reached skill level 4 in Stealth
   606 | D:1      | Found a faded altar of an unknown god.
   635 | D:1      | Became a worshipper of Ashenzari the Shackled
   928 | D:1      | Gained mutation: You regenerate magic rapidly. [demonic
                  | ancestry]
   928 | D:1      | Reached XP level 3. HP: 28/28 MP: 3/3
  1462 | D:2      | Found Ecypsuoh's Magic Scroll Shop.
  1479 | D:2      | Noticed Robin
  2121 | D:2      | Reached * piety under Ashenzari
  2378 | D:2      | Slain by a goblin

Illustrated notes

Levels and vault maps discovered:
D:1:      dpeg_arrival_refuge, layout_basic, hellmonk_ecumenical_altar_lost_god
D:2:      mumra_celtic_spiral_tile, layout_loops_ring, serial_shops,
          shop_scrolls, uniq_robin

Skill      XL: |  1  2 |
---------------+-------+-----
Dodging        | 1 |  1.8
Stealth        | 4 |  4.5
Fighting       | |  2.6
Short Blades   | |  1.7
Throwing       | |  1.7

Action                   || total
-------------------------++-------
Melee: Dagger            ||   133
       Headbutt          ||    15
Invok: Curse Item        ||     2
  Use: Potion            ||     1
 Stab: Sleeping          ||    10
Armor: Robe              ||    21
Dodge: Dodged            ||    74

Table legend: (Time is in decaauts)
 A = Elapsed time spent in this place.
 B = Non-inter-level travel time spent in this place.
 C = Inter-level travel time spent in this place.
 D = Time resting spent in this place.
 E = Time spent auto-exploring this place.
 F = Levels seen in this place.
 G = Mean time per level.
                   A        B        C        D        E       F      G
               +--------+--------+--------+--------+--------+-----+--------+
         Total |   2365 |   2323 |     42 |    343 |   1679 |   2 | 1182.5 |
       Dungeon |   2365 |   2323 |     42 |    343 |   1679 |   2 | 1182.5 |
               +--------+--------+--------+--------+--------+-----+--------+

Top non-repeatable levels by time:
     D:1: 1612 daAuts
     D:2: 752 daAuts
